AoeStats
← yoeyhoover

Nomad

505064910Analyzed
2v2 RM · 26d ago on Sep 7, 2026· 36m 45s· 4 players
Game mode
Random Map
Map size
176×176
Population
200
Speed
Normal
Resources
Standard
Victory
Conquest
Starting age
Dark Age
Ending age
Imperial Age
RankedLock teamsTeams togetherTeam positionsShared explorationLock speedFull tech treeHidden civsTurbo modeCheats
Victory
Defeat
🇺🇸 Bulgarians · United States
1033
+14
🇧🇷 Sicilians · Brazil
1014
+14
🇺🇸 Bulgarians · United States
989
-14
🇷🇺 Ethiopians · Russia
975
-14
reflife32
5:50 Loom
18:44 Feudal Age
ZHENYABRUSS
4:35 Loom
15:39 Feudal Age
17:47 Town Watch
22:30 Castle Age
23:01 Fletching
24:42 Wheelbarrow
24:56 Double-Bit Axe
25:12 Stone Mining
29:27 Hand Cart
29:46 Bow Saw
29:36 Bodkin Arrow
31:32 Gold Mining
32:06 Masonry
35:47 Scale Mail Armor
35:57 Forging
yoeyhoover
7:20 Loom
14:18 Feudal Age
14:56 Arson
15:53 Scale Mail Armor
16:03 Forging
20:57 Castle Age
20:19 Fletching
20:35 Gold Mining
25:04 Padded Archer Armor
24:57 Horse Collar
25:57 Elite Skirmisher
30:31 Wheelbarrow
31:16 Double-Bit Axe
35:12 Bodkin Arrow
39:12 Imperial Age
Linhares
3:04 Loom
15:15 Feudal Age
16:58 Double-Bit Axe
20:55 Castle Age
20:09 Gold Mining
20:11 Stone Mining
20:07 Fishing Lines
21:23 Forging
23:14 Bow Saw
26:57 Fletching
28:43 Wheelbarrow
28:28 Horse Collar
29:12 Heavy Plow
35:09 Imperial Age
33:07 Hand Cart
32:37 Town Watch
33:36 Stone Shaft Mining
33:36 Gold Shaft Mining
33:52 Town Patrol
35:03 Coinage
36:05 Guilds
36:25 Banking
35:56 Caravan
37:12 Gillnets
Connection lost

Rejoining the realm…

Still unreachable

The connection could not be restored.

Session expired

The server has moved on; the page needs a fresh start.